 Dungeon Crawl Stone Soup version 0.17.1-2-g5865329 (webtiles) character file.

39 NighmareConjurer the Skirmisher (level 3, -1/34 HPs)
             Began as a Minotaur Berserker on Jan 15, 2016.
             Was a Follower of Trog.
             Slain by Crazy Yiuf
             ... wielding a +4 quarterstaff of chaos
              (6 damage)
             ... on level 2 of the Dungeon.
             The game lasted 00:05:31 (1988 turns).

NighmareConjurer the Skirmisher (MiBe)              Turns: 1988, Time: 00:05:34

Health: -1/34      AC:  2    Str: 21    XL:     3   Next: 26%
Magic:  2/2        EV: 12    Int:  4    God:    Trog [*.....]
Gold:   68         SH:  0    Dex: 10    Spells: 0 memorised, 2 levels left

rFire  . . .     SeeInvis .     a - +0 hand axe
rCold  . . .     Clarity  .     b - +0 animal skin
rNeg   . . .     SustAt   .     (no shield)
rPois  .         Gourm    .     (helmet restricted)
rElec  .         Spirit   .     (no cloak)
rCorr  .         Warding  .     (no gloves)
rMut   .         Stasis   .     (no boots)
MR     +....                    (no amulet)
Stlth  +.........               (no ring)
                                e - ring of protection from magic

@: lethally poisoned (-1 -> -15), somewhat resistant to hostile enchantments,
very unstealthy
A: retaliatory headbutt, horns 2
a: Berserk, Burn Spellbooks, Renounce Religion


You were on level 2 of the Dungeon.
You worshipped Trog.
Trog was aware of your devotion.
You were not hungry.

You visited 1 branch of the dungeon, and saw 2 of its levels.

You collected 68 gold pieces.

Inventory:

Hand Weapons
 a - a +0 hand axe (weapon)
Armour
 b - a +0 animal skin (worn)
Jewellery
 e - a ring of protection from magic (left hand)
 k - an uncursed ring of protection from fire {unknown}
Scrolls
 h - 2 scrolls of teleportation {unknown}
 i - 2 scrolls of amnesia {unknown}
 j - a scroll of identify {unknown}
 n - 2 scrolls of remove curse {unknown}
Potions
 d - a potion of lignification {unknown}
 g - 2 potions of curing {unknown}
 l - 2 potions of agility {unknown}
 o - a potion of poison {unknown}
 p - a potion of degeneration {unknown}
Comestibles
 c - a bread ration
 f - 5 fruits
 m - a meat ration


   Skills:
 + Level 4.3 Fighting
 + Level 4.3 Axes
 + Level 2.6 Armour
 + Level 2.5 Dodging


You had 2 spell levels left.
You didn't know any spells.

Dungeon Overview and Level Annotations

Branches:
Dungeon (2/15)

Altars:
Yredelemnul

Annotations:
D:2 Crazy Yiuf


Innate Abilities, Weirdness & Mutations

You reflexively headbutt those who attack you in melee.
You have a pair of horns on your head.


Message History

Crazy Yiuf yells, "Flower bag disdain!"
Crazy Yiuf hits you with a quarterstaff of chaos!
You are lethally poisoned!
Robin completely misses you. You furiously retaliate!
You headbutt Robin!
You kill Robin!
Trog accepts your kill.
The goblin shouts!
You hit Crazy Yiuf but do no damage. Your headbutt misses Crazy Yiuf.
Crazy Yiuf is severely wounded.
You feel sick.
Crazy Yiuf hits you with a quarterstaff of chaos.
* * * LOW HITPOINT WARNING * * *
A goblin comes into view.
You closely miss Crazy Yiuf.
Crazy Yiuf is severely wounded.
* * * LOW HITPOINT WARNING * * *
You feel sick.
Crazy Yiuf glowers.
Crazy Yiuf hits you with a quarterstaff of chaos.
You die...

#...##.#
###################
#...##.# #####
#......## #...##.#
#...# #.#......
#...##.#
#...#######.#.##.##
#...##.#
#................##
#...##.#
#..†#######.#.#...#
#...##.# ##...#
#...#.....#
######.# #....#
#.###...... ###'##
#.@..# #.# #......
#....# #.g).# #.#
#...... #....#
#..### #.###......
#....# ##g#
#.....#.... #....#
g## #######.##.
#....# #
#.......... ######
#.#####.### #.#
#.... #.# #####


You could see Crazy Yiuf and 2 goblins.

Vanquished Creatures
  Robin (D:2)
  3 giant cockroaches
  3 hobgoblins
  4 jackals (D:2)
  4 kobolds
  3 bats
  A giant gecko (D:2)
  6 goblins
  3 rats
28 creatures vanquished.

Notes
Turn   | Place    | Note
--------------------------------------------------------------
     0 | D:1      | NighmareConjurer the Minotaur Berserker began the quest for the Orb.
     0 | D:1      | Reached XP level 1. HP: 19/19 MP: 0/0
   414 | D:1      | Reached skill level 4 in Axes
   419 | D:1      | Reached XP level 2. HP: 16/27 MP: 1/1
  1327 | D:2      | Found a basalt altar of Yredelemnul.
  1981 | D:2      | Noticed Crazy Yiuf
  1983 | D:2      | Noticed Robin
  1983 | D:2      | Reached XP level 3. HP: 33/33 MP: 2/2
  1986 | D:2      | Killed Robin
  1988 | D:2      | Slain by Crazy Yiuf

Action                   || total
-------------------------++-------
Melee: Hand axe          ||    36
  Eat: Bread ration      ||     1
